 Dungeon Crawl Stone Soup version 0.14-a0-2432-g6b3afca (webtiles) character file.

98 4tharraofdagon the Poker (level 4, 1/34 HPs)
             Began as a Merfolk Gladiator on Feb 4, 2014.
             Was an Initiate of Zin.
             Quit the game on Level 3 of the Dungeon.
             The game lasted 00:02:56 (386 turns).

4tharraofdagon the Poker (Merfolk Gladiator)         Turns: 386, Time: 00:02:56

HP   1/34        AC  6     Str 16      XL: 4   Next: 21%
MP   4/4         EV 10     Int  7      God: Zin [......]
Gold 28          SH  0     Dex 14      Spells:  0 memorised,  3 levels left

rFire  . . .     SeeInvis .     k - +1,+2 orc trident
rCold  . . .     Clarity  .     m - +0 ring mail
rNeg   . . .     Conserve .     (no shield)
rPois  .         rCorr    .     c - +0 helmet
rElec  .         rRot     .     (no cloak)
SustAb . .       Spirit   .     (no gloves)
rMut   .         Warding  .     (no boots)
Saprov . . .     Stasis   .     (no amulet)
MR     .....                    (no ring)
                                i - +0,+8 ring of slaying {unknown}

@: mildly poisoned, not resistant to hostile enchantments, very unstealthy
A: change form in water, swift swim
a: Renounce Religion


You were on level 3 of the Dungeon.
You worshipped Zin.
Zin was noncommittal.
You were not hungry.

You visited 1 branch of the dungeon, and saw 4 of its levels.

You collected 31 gold pieces.
You donated 3 gold pieces.

Inventory:

Hand weapons
 a - a +0,+0 trident
 k - a +1,+2 orcish trident (weapon)
Missiles
 d - a throwing net (quivered)
 g - 2 throwing nets [frayed]
Armour
 b - a +0 leather armour
 c - a +0 helmet (worn)
 m - a +0 ring mail (worn)
Comestibles
 f - 2 bread rations
Scrolls
 h - a scroll of noise {unknown}
 l - a scroll of curse jewellery {unknown}
Jewellery
 i - a +0,+8 ring of slaying (left hand) {unknown}
Books
 e - a book of Control

   Spells                             Type                      Level
   Control Teleport                   Charms/Translocation         4
   Control Undead                     Necromancy                   4
   Enslavement                        Hexes                        4
   Mass Confusion                     Hexes                        6
   Metabolic Englaciation             Hexes/Ice                    6


   Skills:
 + Level 2.6 Fighting
 * Level 5.7 Polearms
 - Level 2.0 Throwing
 + Level 1.1 Armour
 + Level 4.5 Dodging


You had 3 spell levels left.
You didn't know any spells.

Dungeon Overview and Level Annotations

Branches:
Dungeon (4/16)
 Temple: D:4-7

Altars:
Zin

Shops:
D:3 *


Message History

Unknown command.
* * * LOW HITPOINT WARNING * * *
You feel sick.
There is an open door here.
Read which item? (? for menu, Esc to quit)
Okay, then.
* * * LOW HITPOINT WARNING * * *
You feel sick.
* * * LOW HITPOINT WARNING * * *
You feel sick.
* * * LOW HITPOINT WARNING * * *
You feel sick.
Unknown command.
Unknown command.
Are you sure you want to abandon this character and quit the game? (Confirm with "yes".)
Okay, then.
Welcome back, 4tharraofdagon the Merfolk Gladiator.
Zin says: Spread the light, my child.
Press ? for a list of commands and other information.
Are you sure you want to abandon this character and quit the game? (Confirm with "yes".)

...........#
.......{...#
....#_#.{..#
...##⌠##...###....
....###...........
..........########+####
.$..........#.........#
...........%#.........#
.......#....#...@.....#
.......#%...#..o.....)#
.......#.####.........#
.......#.####....#'####
......#.)..'....'.# . .
.....######....#.#
#.... +###
#....#.#######....#
#....##......#....
#....##......+...


You could see an orc.

Vanquished Creatures
  An orc wizard (D:3)
  An adder (D:2)
  A giant mite (D:2)
  2 worms (D:3)
  An ooze (D:3)
  An orc (D:3)
  A giant cockroach (D:2)
  A hobgoblin (D:2)
  A kobold (D:2)
  3 bats
  A giant gecko (D:2)
  A goblin (D:2)
  2 rats
17 creatures vanquished.

Notes
Turn   | Place    | Note
--------------------------------------------------------------
     0 | D:1      | 4tharraofdagon, the Merfolk Gladiator, began the quest for the Orb.
     0 | D:1      | Reached XP level 1. HP: 16/16 MP: 1/1
    31 | D:2      | Reached XP level 2. HP: 20/23 MP: 2/2
    58 | D:2      | Reached skill level 5 in Polearms
   142 | D:2      | Reached XP level 3. HP: 13/28 MP: 3/3
   153 | D:2      | You fall through a shaft!
   230 | D:4      | Noticed a phantom
   293 | D:3      | Found Zin's Purification Station.
   296 | D:3      | Found a glowing silver altar of Zin.
   319 | D:3      | Reached skill level 1 in Armour
   319 | D:3      | Reached XP level 4. HP: 17/34 MP: 4/4
   361 | D:3      | Became a worshipper of Zin the Law-Giver
   385 | D:3      | HP: 1/34 [poison (a potion of poison)]
   386 | D:3      | Quit the game

Action                   |  1- 3 |  4- 6 || total
-------------------------+-------+-------++-------
Melee: Trident           |    47 |    10 ||    57
Throw: Throwing net      |     3 |       ||     3
  Use: Potion            |       |     1 ||     1
 Stab: Held in net/web   |     3 |       ||     3
